 Dungeon Crawl Stone Soup version 0.23.1 (webtiles) character file.

Game seed: 73575253881652959

44 LostNumber the Magician (level 3, -2/28 HPs)
             Began as a Ghoul Wizard on Mar 3, 2019.
             Slain by an adder (4 damage)
             ... on level 2 of the Dungeon.
             The game lasted 00:05:30 (824 turns).

LostNumber the Magician (Ghoul Wizard)               Turns: 824, Time: 00:05:31

Health: -2/28      AC:  2    Str: 11    XL:     3   Next: 62%
Magic:  6/6        EV: 12    Int: 13    God:
Gold:   48         SH:  0    Dex:  7    Spells: 6/7 levels left

rFire    . . .     SeeInvis .     - Unarmed
rCold    + . .     Gourm    .   (no shield)
rNeg     + + +     Faith    .   a - +0 robe
rPois    ∞         Spirit   .   b - +0 hat
rElec    .         Reflect  .   (no cloak)
rCorr    .         Harm     .   (no gloves)
MR       .....                  (no boots)
Stlth    ++........             (no amulet)
HPRegen  0.00/turn              (no ring)
MPRegen  0.10/turn              (no ring)

@: rotting
A: rotting body, claws 1, carnivore, cold resistance 1, negative energy
resistance 3, inhibited regeneration, torment resistance, unbreathing
a: no special abilities


You were on level 2 of the Dungeon.
You were not hungry.

You visited 1 branch of the dungeon, and saw 2 of its levels.

You collected 48 gold pieces.

Inventory:

Armour
 a - a +0 robe (worn)
 b - a +0 hat (worn)
Scrolls
 d - a scroll of remove curse {unknown}
 g - 4 scrolls of identify {unknown}
 h - a scroll of random uselessness {unknown}
 i - a scroll of teleportation {unknown}
Potions
 f - a potion of haste {unknown}
 j - a potion of might {unknown}
Comestibles
 e - 3 rations {!d}


   Skills:
 + Level 1.4 Fighting
 + Level 2.2 Dodging
 - Level 2.1 Stealth
 * Level 2.3 Unarmed Combat
 - Level 2.6 Spellcasting
 - Level 0.7 Conjurations
   Level 0.8 Summonings
   Level 0.8 Translocations


You had 6 spell levels left.
You knew the following spells:

 Your Spells              Type           Power        Failure   Level  Hunger
a - Magic Dart            Conj           #...         19%         1    #......

Your spell library contained the following spells:

 Spells                   Type           Power        Failure   Level  Hunger
 Blink                    Tloc           N/A          26%         2    ###....
 Call Imp                 Summ           #.......     26%         2    ###....
 Slow                     Hex            #.......     34%         2    ###....
 Conjure Flame            Conj/Fire      #.......     52%         3    ###....
 Mephitic Cloud           Conj/Pois/Air  #.......     54%         3    ###....


Dungeon Overview and Level Annotations

Branches:
Dungeon (2/15)

Altars:


Innate Abilities, Weirdness & Mutations

Your body is rotting away.
You thrive on raw meat.
You are immune to poison.
You have sharp fingernails.
You are carnivorous and can eat meat at any time.
Your flesh is cold resistant. (rC+)
You are immune to negative energy. (rN+++)
You do not regenerate when monsters are visible.
You are immune to unholy pain and torment.
You can survive without breathing.


Message History

The jackal barks!
You hear a shout!
Found 4 large rocks.
A rat comes into view.
A goblin comes into view. It is wielding a +0 long sword.
The jackal closely misses you.
You barely miss the jackal. The jackal closely misses you.
You barely miss the jackal.
The jackal bites you but does no damage.
You barely miss the jackal. The jackal closely misses you.
You closely miss the jackal. The jackal closely misses you. x2
You scratch the jackal. Your claw misses the jackal. The jackal misses you.
The jackal closely misses you. The jackal bites you.
The jackal closely misses you. The jackal bites you.
Unknown command.
You barely miss the jackal.
The jackal bites you but does no damage.
You scratch the jackal.
You kill the jackal!
You closely miss the rat. The rat bites you.
You barely miss the rat. The rat bites you.
You scratch the rat.
You kill the rat!
You miss the goblin.
The goblin hits you with a +0 long sword.
You closely miss the goblin.
The goblin hits you with a +0 long sword.
You closely miss the goblin. The goblin misses you.
You claw the goblin!
You kill the goblin!
The adder closely misses you.
You scratch the adder but do no damage. The adder bites you.
* * * LOW HITPOINT WARNING * * *
You eat one of the 4 rations {!d}.
That ration really hit the spot!
The adder bites you.
* * * LOW HITPOINT WARNING * * *
Unknown command.
You scratch the adder. The adder bites you.
* * * LOW HITPOINT WARNING * * *
You scratch the adder. The adder closely misses you. The adder misses you.
You barely miss the adder. The adder bites you but does no damage.
Unknown command.
You miss the adder. The adder barely misses you.
You barely miss the adder. The adder closely misses you. x2
You closely miss the adder. The adder bites you but does no damage.
You barely miss the adder. The adder bites you.
* * * LOW HITPOINT WARNING * * *
You scratch the adder. The adder bites you.
You die...

###.###..##
..........##
#####......#
#......# ##.....#
##.).## ##w## #S#
#@# #.# #.#
################.#
.................#
##################
# # #


You could see an adder and a dart slug.

Vanquished Creatures
  An adder (D:2)
  A dart slug (D:1)
  2 giant cockroaches (D:1)
  9 goblins
  2 hobgoblins (D:1)
  A jackal (D:2)
  4 kobolds
  A ball python (D:1)
  4 bats (D:1)
  3 frilled lizards
  4 rats
32 creatures vanquished.

Notes
Turn   | Place    | Note
-------+----------+-------------------------------------------
     0 | D:1      | LostNumber the Ghoul Wizard began the quest for the Orb.
     0 | D:1      | Reached XP level 1. HP: 14/14 MP: 3/3
    92 | D:1      | Reached skill level 1 in Unarmed Combat
    92 | D:1      | Reached XP level 2. HP: 14/22 MP: 4/4
   236 | D:1      | Reached skill level 1 in Fighting
   402 | D:1      | Reached XP level 3. HP: 24/28 MP: 6/6
   824 | D:2      | Slain by an adder

Skill      XL: |  1  2  3 |
---------------+----------+-----
Unarmed Combat | 1 2 |  2.3
Dodging        | 2 |  2.2
Fighting       | 1 |  1.4
Stealth        | |  2.1
Spellcasting   | |  2.6
Conjurations   | |  0.7
Summonings     | |  0.8
Translocations | |  0.8

Action                   || total
-------------------------++-------
Melee: Unarmed           ||   145
 Stab: Sleeping          ||     1
  Eat: Chunk             ||    16
       Ration            ||     2
Armor: Robe              ||    39
Dodge: Dodged            ||   107
